 Dungeon Sprint DCSS version 0.18.1-1-g2f07953 (webtiles) character file.

48 pipel the Cruncher (level 6, -10/63 HPs)
             Began as a Gargoyle Gladiator on May 6, 2016.
             Was a Believer of Okawaru.
             Mangled by an ice devil (12 damage)
             ... summoned by a deep elf mage
             ... in the Dungeon (Sprint VI: "Thunderdome").
             The game lasted 00:07:42 (392 turns).

pipel the Cruncher (Gargoyle Gladiator)              Turns: 392, Time: 00:07:42

Health: -10/63     AC: 17    Str: 25    XL:     6   Next: 44%
Magic:  7/7        EV: 11    Int:  8    God:    Okawaru [**....]
Gold:   100        SH:  0    Dex: 11    Spells: 0 memorised, 5 levels left

rFire  + + .     SeeInvis .     a - +0 quarterstaff
rCold  + . .     Gourm    .     t - +2 chain mail {rC+}
rNeg   + + .     Faith    .     (shield currently unavailable)
rPois  ∞         Spirit   .     c - +0 helmet
rElec  +         Dismiss  .     (no cloak)
rCorr  .         Reflect  .     (no gloves)
SustAt .         Harm     +     (no boots)
MR     +....     NoTele   +     p - amulet "Zopsui" {Harm *Drain +Blink rF+}
Stlth  ..........               r - ring "Kullugae" {rC+ MR+}
                                q - ring of the Queen {Fire rN+ Slay+3}

@: berserking, very quick, somewhat resistant to hostile enchantments, extremely
unstealthy
A: negative energy resistance 1, electricity resistance, unbreathing,
petrification resistance, rot immunity, AC +4
a: Heroism, Renounce Religion, Evoke Blink


You were in the Dungeon.
You worshipped Okawaru.
Okawaru was pleased with you.
You were not hungry.

You visited 1 branch You collected 280 gold pieces.
You spent 180 gold pieces at shops.

Inventory:

Hand Weapons
 a - a +0 quarterstaff (weapon)
Missiles
 d - 2 throwing nets (quivered)
Armour
 b - a +0 leather armour
 c - a +0 helmet (worn)
 t - a +2 chain mail of cold resistance (worn)
Jewellery
 p - the amulet "Zopsui" (around neck) {Harm *Drain +Blink rF+}
   (You bought it in a shop in the Dungeon)

   [amulet of harm]

   It increases damage dealt and taken.
   It protects you from fire.
   It lets you blink.
 q - the ring of the Queen (left hand) {Fire rN+ Slay+3}
   (You bought it in a shop in the Dungeon)

   [ring of fire]

   It enhances your fire magic, and weakens your ice magic.
   It affects your accuracy and damage with ranged weapons and melee attacks
   (+3).
   It protects you from fire.
   It makes you vulnerable to cold.
   It protects you from negative energy.
 r - the ring "Kullugae" (right hand) {rC+ MR+}
   (You bought it in a shop in the Dungeon)

   [ring of protection from magic]

   It protects you from cold.
   It affects your resistance to hostile enchantments.
 s - the ring "Ifuprif" {rPois MR+++ MP+9 Str-5 Dex-2}
   (You bought it in a shop in the Dungeon)

   [ring of magical power]

   It affects your strength (-5).
   It affects your dexterity (-2).
   It protects you from poison.
   It affects your resistance to hostile enchantments.
   It affects your magic capacity (+9).
Wands
 m - a wand of acid (2/15)
 n - a wand of iceblast (3/15)
Scrolls
 k - 4 scrolls of blinking
 o - 3 scrolls of fog
Potions
 e - a potion of curing
 g - 3 potions of heal wounds
 h - 4 potions of haste
 i - 2 potions of magic
 l - a potion of resistance
Comestibles
 f - a bread ration


   Skills:
 + Level 6.3 Fighting
 + Level 8.1 Staves
 - Level 1.7 Throwing
 + Level 4.3 Armour
 + Level 7.0 Dodging
 + Level 1.2 Stealth
 + Level 0.9 Invocations
 - Level 1.5 Evocations


You had 5 spell levels left.
You didn't know any spells.

Dungeon Overview and Level Annotations

Branches:
Dungeon (1/1)

Altars:
Cheibriados
Dithmenos
Fedhas
Gozag
Kikubaaqudgha
Makhleb
Okawaru
Pakellas
Qazlal
Ru
Sif Muna
Trog
Vehumet
Xom
Yredelemnul
Zin
The Shining One
Jiyva
Lugonu

Shops:
D *[%??*?*:[((!!!!


Innate Abilities, Weirdness & Mutations

You are resistant to torment.
Your stone body is resilient (AC +4).
You are immune to poison.
You resist negative energy.
You are resistant to electric shocks.
You can survive without breathing.
You are immune to petrification.
You are immune to rotting.


Message History

You take 7 damage, and have 14/42 hp.
What do you say? t - Shout!
Orders for allies: a - Attack new target. p - Attack previous target. r - Retreat! s - Stop attacking. w - Wait here. f - Follow me.
Anything else - Stay silent.
Okay, then.
Drink which item? (? for menu, Esc to quit)
A red film seems to cover your vision as you go berserk!
You feel yourself moving faster!
You feel mighty! The redback bites you.
* * * LOW HITPOINT WARNING * * *
The ice devil hits you.
* * * LOW HITPOINT WARNING * * *
The ice devil freezes you. You resist.
* * * LOW HITPOINT WARNING * * *
The ice devil hits you.
* * * LOW HITPOINT WARNING * * *
The ice devil freezes you! You resist.
You die...

##.....## ##se....∩##
#∩.......∩# #_...r..._#
#........_# #_..)...._#
###.........### #⌠..es4......⌠#
######.8s4@......8.######
##∩___....ss###......._.∩##
###∩........8.# #.8........∩##
##.............###.............
#⌠..........###...###..........
#⌠..........# #.<.# #..........
#⌠..........###...###..........
##.............###.............
###∩....÷...8.# #.8........∩##


You could see 2 demonic crawlers, 2 ice devils, 2 deep elf magi, a jumping
spider, 2 redbacks and a hell rat.

Vanquished Creatures
  2 soldier ants (D)
  Terence (D)
  3 worker ants (D)
  An adder (D)
  A bat (D)
  A giant cockroach (D)
  A kobold (D)
10 creatures vanquished.

Notes
Turn   | Place    | Note
--------------------------------------------------------------
     0 | D        | pipel the Gargoyle Gladiator began the quest for the Orb.
     0 | D        | Reached XP level 1. HP: 12/12 MP: 1/1
     3 | D        | Found a viscous altar of Jiyva.
     3 | D        | Found an opulent altar of Gozag.
     4 | D        | Found a bloodstained altar of Trog.
     5 | D        | Found a stormy altar of Qazlal.
     5 | D        | Found a snail-covered altar of Cheibriados.
     5 | D        | Round 1.
     6 | D        | Found Qookk's Identification Station.
     6 | D        | Found a radiant altar of Vehumet.
     6 | D        | Found an ancient bone altar of Kikubaaqudgha.
     6 | D        | Found Powni's Bee Food.
     7 | D        | Found Hirutub's Advanced Armour.
     7 | D        | Found Epuahigu's Jewellery.
    22 | D        | Reached skill level 4 in Staves
    22 | D        | Reached XP level 2. HP: 11/18 MP: 2/2
    28 | D        | Found a shadowy altar of Dithmenos.
    31 | D        | Bought a fine emerald amulet for 45 gold pieces
    31 | D        | Bought a bound lapis lazuli ring for 45 gold pieces
    31 | D        | Bought a heavily runed golden ring for 45 gold pieces
    31 | D        | Identified the amulet "Zopsui" {Harm *Drain +Blink rF+} (You bought it in a shop in the Dungeon)
    32 | D        | Identified the ring of the Queen {Fire rN+ Slay+3} (You bought it in a shop in the Dungeon)
    33 | D        | Identified the ring "Kullugae" {rC+ MR+} (You bought it in a shop in the Dungeon)
    34 | D        | Bought a scintillating iron ring for 45 gold pieces
    35 | D        | Identified the ring "Ifuprif" {rPois MR+++ MP+9 Str-5 Dex-2} (You bought it in a shop in the Dungeon)
    44 | D        | Found a glowing silver altar of Zin.
    44 | D        | Found Pilest's Magic Scroll Shop.
    45 | D        | Found Quxaunoph's Magic Scroll Shop.
    45 | D        | Found Zaullotz's Must-Have Magic.
    46 | D        | Found an iron altar of Okawaru.
    46 | D        | Found an oddly glowing altar of Pakellas.
    46 | D        | Found a blossoming altar of Fedhas.
    46 | D        | Found Xeir's Staff Store.
    57 | D        | Became a worshipper of Warmaster Okawaru
    59 | D        | Found a sacrificial altar of Ru.
    61 | D        | Found Oreemias's Distillery.
    61 | D        | Found Jahir's Distillery.
    62 | D        | Found Viomott's Bottled Wisdom.
    67 | D        | Found Biogu's Do-It-Yourself Clinic.
    67 | D        | Found a glowing golden altar of the Shining One.
    67 | D        | Found a corrupted altar of Lugonu.
    77 | D        | Found a shimmering altar of Xom.
   124 | D        | Found a basalt altar of Yredelemnul.
   125 | D        | Found a deep blue altar of Sif Muna.
   125 | D        | Found a burning altar of Makhleb.
   125 | D        | Found Paivisiq's Premium Goods.
   125 | D        | Found Tomecs's Weapon Rack.
   127 | D        | Found Popas's Miscellaneous Merchandise.
   127 | D        | Found Jeits's Basic Armour.
   129 | D        | Noticed Terence
   132 | D        | Killed Terence
   132 | D        | Arena points: 12 (+12) [x2]
   132 | D        | Reached skill level 5 in Staves
   132 | D        | Reached skill level 1 in Armour
   132 | D        | Reached XP level 3. HP: 19/23 MP: 3/3
   148 | D        | Round 2.
   154 | D        | Noticed a soldier ant
   166 | D        | Killed a soldier ant
   166 | D        | Reached * piety under Okawaru
   166 | D        | Reached skill level 6 in Staves
   166 | D        | Reached skill level 5 in Dodging
   166 | D        | Reached skill level 1 in Evocations
   166 | D        | Reached XP level 4. HP: 11/30 MP: 3/5
   166 | D        | Reached XP level 5. HP: 13/34 MP: 3/6
   188 | D        | Reached skill level 5 in Fighting
   188 | D        | Reached skill level 7 in Staves
   282 | D        | Noticed a soldier ant
   298 | D        | Killed a soldier ant
   298 | D        | Reached skill level 8 in Staves
   298 | D        | Reached XP level 6. HP: 19/41 MP: 4/7
   302 | D        | Reached ** piety under Okawaru
   302 | D        | Arena points: 48 (+36) [x3]
   302 | D        | Reached skill level 1 in Stealth
   366 | D        | Round 3.
   376 | D        | Noticed a deep elf mage
   387 | D        | Noticed an ice devil
   388 | D        | Noticed a demonic crawler
   388 | D        | Noticed a demonic crawler
   390 | D        | Noticed an ice devil
   391 | D        | Noticed a deep elf mage
   391 | D        | Noticed a redback
   391 | D        | Noticed a redback
   392 | D        | Noticed a jumping spider
   392 | D        | HP: 2/63 [ice devil[a deep elf mage] (7)]
   392 | D        | Mangled by an ice devil

Skill      XL: |  1  2  3  4  5  6 |
---------------+-------------------+-----
Staves         | 4 5 6 8 |  8.1
Dodging        | 3 4 5 6 7 |  7.0
Fighting       | 3 4 6 |  6.3
Armour         | 1 2 4 |  4.3
Evocations     | 1 |  1.5
Stealth        | 1 |  1.2
Throwing       | |  1.7
Invocations    | |  0.9

Action                   |  1- 3 |  4- 6 || total
-------------------------+-------+-------++-------
Melee: Quarterstaff      |    33 |    32 ||    65
Throw: Throwing net      |       |     1 ||     1
Invok: Heroism           |       |     1 ||     1
Evoke: Wand              |     4 |     1 ||     5
  Use: Potion            |       |     2 ||     2
Armor: Leather armour    |    12 |     5 ||    17
       Chain mail        |       |    14 ||    14
Dodge: Dodged            |    30 |    32 ||    62
